 Dungeon Crawl Stone Soup version 0.25-a0-108-gda8bd6cf83 (webtiles) character file.

Game seed: 3494506146801899087, levelgen mode: deterministic

26689 mortelune the Destroyer (level 13, -3/101 HPs)
             Began as a Demonspawn Wanderer on Nov 17, 2019.
             Was a High Priest of Vehumet.
             Hit by a silver javelin thrown by a minotaur (15 damage)
             ... on level 11 of the Dungeon.
             The game lasted 00:52:55 (16667 turns).

mortelune the Destroyer (Demonspawn Wanderer)      Turns: 16667, Time: 00:52:55

Health: -3/101     AC:  6    Str: 15    XL:     13   Next: 0%
Magic:  13/25      EV: 17    Int: 18    God:    Vehumet [*****.]
Gold:   886        SH:  0    Dex: 15    Spells: 7/28 levels left

rFire    . . .     SeeInvis .   N - +2 scimitar (flame)
rCold    + . .     Gourm    .   (no shield)
rNeg     . . .     Faith    .   I - +0 troll leather armour
rPois    .         Spirit   .   g - +1 hat
rElec    .         Reflect  .   (no cloak)
rCorr    .         Harm     .   K - +0 pair of gloves
MR       .....                  (boots unavailable)
Stlth    ++........             F - amulet of magic regeneration
HPRegen  0.66/turn              P - +4 ring of dexterity
MPRegen  0.44/turn              U - ring "Feorgh" {rC+ Stlth+}

@: no status effects
A: hooves 3, repulsion field 2, foul stench 1, spiny 2, rot immunity
a: Renounce Religion


You were on level 11 of the Dungeon.
You worshipped Vehumet.
Vehumet was extremely pleased with you.
You were not hungry.

You visited 1 branch of the dungeon, and saw 11 of its levels.

You collected 886 gold pieces.

Inventory:

Hand Weapons
 a - a +0 club
 i - a +1 short sword
 j - a +0 spear
 r - a +4 whip
 N - a +2 scimitar of flaming (weapon)
Armour
 d - a +0 robe
 g - a +1 hat (worn)
 u - a +2 pair of boots
 I - a +0 troll leather armour (worn)
 K - a +0 pair of gloves (worn)
 L - the +2 buckler of Kodeneg {rPois rN+ Int-4 SInv}
   (You found it on level 7 of the Dungeon)

   It affects your intelligence (-4).
   It protects you from poison.
   It protects you from negative energy.
   It lets you see invisible.
Magical Staves
 V - an uncursed staff of power
Jewellery
 o - an uncursed ring of protection from cold
 B - an uncursed ring of ice
 F - an amulet of magic regeneration (around neck)
 H - a +4 ring of slaying
 P - a +4 ring of dexterity (left hand)
 R - an uncursed ring of poison resistance
 U - the ring "Feorgh" (right hand) {rC+ Stlth+}
   (You found it on level 11 of the Dungeon)

   [ring of stealth]

   It protects you from cold.
   It makes you more stealthy.
 W - the amulet of Puov {Acrobat +Fly MR+ MP-9}
   (You took it off a gnoll on level 11 of the Dungeon)

   [amulet of the acrobat]

   It helps you evade while moving and waiting.
   It affects your resistance to hostile enchantments.
   It affects your magic capacity (-9).
   It lets you fly.
Wands
 h - a wand of acid (4)
 v - a wand of polymorph (7)
 E - a wand of paralysis (8)
 G - a wand of flame (10)
 O - a wand of iceblast (9)
Scrolls
 c - 11 scrolls of remove curse
 k - 10 scrolls of teleportation
 l - 7 scrolls of enchant weapon
 m - 2 scrolls of amnesia
 n - a scroll of immolation {unknown}
 q - a scroll of magic mapping
 s - 2 scrolls of noise
 y - a scroll of enchant armour
 J - a scroll of blinking {unknown}
 S - 3 scrolls of identify
 X - a scroll of vulnerability {unknown}
 Y - 2 scrolls of random uselessness {unknown}
Potions
 b - 4 potions of curing
 e - 2 potions of haste
 p - 2 potions of might
 t - 2 potions of resistance
 w - a potion of magic
 z - a potion of invisibility
 A - 2 potions of flight
 C - a potion of cancellation {unknown}
 D - 2 potions of agility
 Q - a potion of brilliance {unknown}
 T - a potion of berserk rage {unknown}
Comestibles
 f - 21 rations


   Skills:
 + Level 9.1 Fighting
 - Level 1.0 Short Blades
 + Level 5.1 Dodging
 - Level 1.0 Shields
 + Level 8.1 Spellcasting
 * Level 12.2 Conjurations
   Level 2.0 Hexes
 * Level 11.5 Fire Magic
 - Level 1.0 Evocations


You had 7 spell levels left.
You knew the following spells:

 Your Spells              Type           Power        Failure   Level  Hunger
a - Flame Tongue          Conj/Fire      #####        1%          1    None
b - Conjure Flame         Conj/Fire      ######..     1%          3    #......
c - Magic Dart            Conj           ####         1%          1    None
d - Blink                 Tloc           N/A          19%         2    None
e - Mephitic Cloud        Conj/Pois/Air  ###.....     1%          3    #......
f - Fireball              Conj/Fire      ######....   1%          5    #####..
q - Bolt of Fire          Conj/Fire      ######....   4%          6    ######.

Your spell library contained the following spells:

 Spells                   Type           Power        Failure   Level  Hunger
 Force Lance              Conj/Tloc      ####....     2%          4    ###....
 Throw Frost              Conj/Ice       ####..       1%          2    None
 Dazzling Spray           Conj/Hex       ####..       1%          3    #......
 Ignite Poison            Fire/Tmut/Pois ###.....     2%          3    #......
 Throw Icicle             Conj/Ice       ####....     2%          4    ###....
 Freeze                   Ice            #...         3%          1    None
 Confusing Touch          Hex            ##....       5%          1    None
 Corona                   Hex            ##.....      5%          1    None
 Slow                     Hex            ##......     8%          2    None
 Ensorcelled Hibernation  Hex/Ice        ##....       12%         2    None
 Confuse                  Hex            ##......     16%         3    #......
 Tukima's Dance           Hex            ##......     16%         3    #......
 Call Imp                 Summ           #.......     19%         2    None
 Corpse Rot               Necr           N/A          19%         2    None
 Poisonous Vapours        Pois/Air       #.....       19%         2    None
 Sublimation of Blood     Necr           #.........   19%         2    None
 Swiftness                Chrm/Air       #.......     19%         2    None
 Summon Guardian Golem    Hex/Summ       ##......     24%         3    #......
 Gell's Gravitas          Tloc           #.........   34%         3    #......
 Ozocubu's Armour         Chrm/Ice       #.......     34%         3    #......
 Bolt of Cold             Conj/Ice       ####......   34%         6    ######.
 Yara's Violent Unravell  Hex/Tmut       ##........   45%         5    #####..
 Freezing Cloud           Conj/Ice/Air   ###.......   61%         6    ######.
 Ice Form                 Ice/Tmut       #.......     75%         4    ###....
 Petrify                  Tmut/Erth      #.......     75%         4    ###....
 Summon Ice Beast         Ice/Summ       #.......     75%         4    ###....
 Spellforged Servitor     Conj/Summ      ####......   86%         7    #######
 Metabolic Englaciation   Hex/Ice        ##........   91%         5    #####..
 Agony                    Necr           #.......     97%         5    #####..
 Excruciating Wounds      Chrm/Necr      #.........   97%         5    #####..
 Ozocubu's Refrigeration  Ice            #.........   98%         6    ######.
 Simulacrum               Ice/Necr       #.........   100%        6    ######.
 Ring of Flames           Chrm/Fire      ####......   100%        7    #######
 Ignition                 Fire           #####.....   83%         8    #######


Dungeon Overview and Level Annotations

Branches:
Dungeon (11/15)            Temple (0/1) D:7            Lair (0/6) D:11
    Orc (0/2) D:9

Altars:
Ashenzari
Nemelex Xobeh
Okawaru
Ru
Trog
Uskayaw
Vehumet
Yredelemnul
Zin

Shops:
D:5 }   D:6 [   D:7 [


Innate Abilities, Weirdness & Mutations

You have hooves in place of feet.
You are surrounded by a moderate repulsion field. (EV +3)
You may emit foul miasma when damaged in melee.
You are mostly covered in sharp spines.
You are immune to rotting.


Message History

Aiming: Fireball (safe; 1% risk of failure)
Press: ? - help, Shift-Dir - straight line The fireball explodes!
The fireball engulfs the minotaur!
The minotaur is lightly wounded.
The minotaur is engulfed in noxious fumes.
The minotaur throws a silver javelin.
The silver javelin pierces through you!!
The silver sears you!
Casting: Fireball (safe; 1% risk of failure)
Confirm with . or Enter, or press ? or * to list all spells.
Aiming: Fireball (safe; 1% risk of failure)
Press: ? - help, Shift-Dir - straight line The fireball explodes!
The fireball engulfs the minotaur!
The minotaur is moderately wounded.
The minotaur is engulfed in noxious fumes.
The minotaur throws a silver javelin.
The silver javelin pierces through you!!
* * * LOW HITPOINT WARNING * * *
The silver sears you!
You die...

### #.#)# #............≈≈.......
..# #.#.# #.#####.....≈≈(.######
#.# #.(.# #.#...#....)≈≈..#.....
#.#####..# #.#...'...)..≈≈.#(....
#.....#..# #.#'#'#......≈≈.#.....
#.....#.(# #.#.#.#..(...≈≈.######
#.....##.###.#####.......≈≈)...≈≈
#)######)(##....(.(.......≈≈≈≈≈≈≈
.......).......(@((..........(.(.
#.######...#.###).###############
#.# #.#.#.# #..####### #.#
#.#.#.# #........# ..# #.....#
#§○......# ..# ####..# #.§......#
..#########..###H○○.....# ####
......................... ..>.
#.......................# ####


You could see a minotaur.

Vanquished Creatures
  A minotaur (D:11)
  A hydra (D:11)
  Erica (D:9)
  4 death yaks (D:11)
  3 two-headed ogres
  2 unseen horrors
  A wizard (D:11)
  An ugly thing (D:11)
  A manticore (D:11)
  A centaur skeleton (D:10)
  A gargoyle (D:10)
  9 yaktaurs (D:11)
  3 trolls
  A hornet (D:9)
  5 large abominations (D:11)
  Prince Ribbit (D:5)
  A hippogriff (D:10)
  A shadow (D:11)
  A water elemental (D:11)
  7 small abominations (D:11)
  17 yaks (D:11)
  A wyvern (D:9)
  Grum (D:9)
  Eustachio (D:6)
  A basilisk (D:11)
  3 hungry ghosts
  3 soldier ants
  Duvessa (D:7)
  2 porcupines (D:11)
  A water moccasin (D:5)
  2 phantoms
  9 orc warriors
  3 sky beasts
  An eye of draining (D:10)
  3 ice beasts
  2 black bears (D:11)
  2 necrophages
  10 ogres
  4 wolves
  4 centaurs
  3 crocodiles (D:11)
  A big kobold (D:9)
  A gnoll sergeant (D:9)
  Dowan (D:7)
  7 bullfrogs
  A water moccasin zombie (D:8)
  7 scorpions
  A water moccasin skeleton (D:4)
  An electric eel (D:11)
  4 howler monkeys
  6 crimson imps
  2 bullfrog zombies (D:10)
  A centaur zombie (D:5)
  5 jellies
  6 orc priests
  5 hounds
  3 bullfrog skeletons
  11 worker ants
  3 iguanas
  9 orc wizards
  A hound zombie (D:7)
  3 hound skeletons
  A howler monkey zombie (D:8)
  15 adders
  19 gnolls
  A howler monkey skeleton (D:10)
  9 river rats (D:5)
  3 shadow imps
  5 oozes
  An adder skeleton (D:4)
  An adder zombie (D:8)
  3 worms
  5 dart slugs
  5 leopard geckos
  56 orcs
  7 giant cockroaches
  7 goblins
  10 hobgoblins
  11 jackals
  13 kobolds
  11 quokkas
  A ball python (D:3)
  5 bats
  3 frilled lizards
  A jackal skeleton (D:8)
  A leopard gecko zombie (D:5)
  2 quokka zombies
  26 rats
421 creatures vanquished.

Vanquished Creatures (others)
  5 fungi (D:11)
  4 plants (D:11)
9 creatures vanquished.

Grand Total: 430 creatures vanquished

Notes
Turn   | Place    | Note
-------+----------+-------------------------------------------
     0 | D:1      | mortelune the Demonspawn Wanderer began the quest for the
                  | Orb.
     0 | D:1      | mortelune set off with the following items: a +0 club, a
                  | potion of curing, a +0 robe, a ration; and the following
                  | spells available to memorise: Corona, Flame Tongue,
                  | Ensorcelled Hibernation, Confuse, Tukima's Dance, Conjure
                  | Flame, Dazzling Spray
     0 | D:1      | Reached XP level 1. HP: 16/16 MP: 1/1
   161 | D:1      | Learned a level 1 spell: Flame Tongue
   169 | D:1      | Reached skill level 1 in Spellcasting
   225 | D:1      | Gained mutation: You are surrounded by a mild repulsion
                  | field. (EV +2) [demonic ancestry]
   225 | D:1      | Reached XP level 2. HP: 11/22 MP: 1/3
   954 | D:1      | Reached skill level 1 in Conjurations
  1042 | D:1      | Reached XP level 3. HP: 27/28 MP: 0/5
  1170 | D:1      | Learned a level 3 spell: Conjure Flame
  1668 | D:2      | You fall into a shaft and drop 2 floors!
  1679 | D:4      | Gained mutation: You are partially covered in sharp spines.
                  | [demonic ancestry]
  1679 | D:4      | Reached XP level 4. HP: 23/34 MP: 1/6
  1890 | D:4      | Reached skill level 2 in Conjurations
  1975 | D:4      | Noticed an ogre
  1987 | D:4      | Gained mutation: You are mostly covered in sharp spines.
                  | [demonic ancestry]
  1987 | D:4      | Reached XP level 5. HP: 38/40 MP: 0/8
  2142 | D:4      | Found a radiant altar of Vehumet.
  2147 | D:4      | Became a worshipper of Vehumet
  2822 | D:2      | Reached skill level 3 in Conjurations
  3014 | D:2      | Reached * piety under Vehumet
  3014 | D:2      | Offered knowledge of Freeze by Vehumet.
  3081 | D:2      | Found a sacrificial altar of Ru.
  3697 | D:3      | Reached XP level 6. HP: 44/47 MP: 6/9
  3918 | D:3      | Found a shattered altar of Ashenzari.
  4153 | D:3      | Offered knowledge of Magic Dart by Vehumet.
  4156 | D:3      | Learned a level 1 spell: Magic Dart
  4374 | D:4      | Reached ** piety under Vehumet
  4404 | D:4      | Reached skill level 4 in Conjurations
  4404 | D:4      | Gained mutation: You are surrounded by a moderate repulsion
                  | field. (EV +3) [demonic ancestry]
  4404 | D:4      | Reached XP level 7. HP: 51/52 MP: 2/11
  5176 | D:4      | Learned a level 2 spell: Blink
  5638 | D:5      | Entered Level 5 of the Dungeon
  5643 | D:5      | Reached skill level 5 in Fire Magic
  5737 | D:5      | Noticed Prince Ribbit
  5749 | D:6      | Reached skill level 5 in Conjurations
  5751 | D:6      | Gained mutation: You are immune to rotting. [demonic
                  | ancestry]
  5751 | D:6      | Reached XP level 8. HP: 49/60 MP: 6/13
  6086 | D:5      | Found Iqishiv's Gadget Shop.
  6344 | D:5      | Killed Prince Ribbit
  6344 | D:5      | Reached skill level 6 in Conjurations
  6388 | D:5      | Offered knowledge of Throw Frost by Vehumet.
  6935 | D:5      | Reached skill level 5 in Fighting
  7238 | D:5      | Reached *** piety under Vehumet
  7436 | D:5      | Offered knowledge of Ignite Poison by Vehumet.
  7540 | D:5      | Gained mutation: You have large cloven feet. [demonic
                  | ancestry]
  7540 | D:5      | Reached XP level 9. HP: 61/68 MP: 11/15
  7959 | D:6      | Reached **** piety under Vehumet
  7967 | D:6      | Identified Hesul's Volume of Sinister Arts
  8145 | D:6      | Found a bloodstained altar of Trog.
  8145 | D:6      | Found an iron altar of Okawaru.
  8150 | D:6      | Found a faded altar of an unknown god.
  8152 | D:6      | Found a glowing silver altar of Zin.
  8153 | D:6      | Found a faded altar of an unknown god.
  8230 | D:6      | Found Ros Humo's Armour Emporium.
  8248 | D:6      | Reached skill level 7 in Conjurations
  8609 | D:6      | Noticed Eustachio
  8616 | D:6      | Killed Eustachio
  8855 | D:7      | Noticed Duvessa
  8855 | D:7      | Noticed Dowan
  8865 | D:7      | Learned a level 3 spell: Mephitic Cloud
  8889 | D:7      | Killed Duvessa
  8890 | D:7      | Killed Dowan
  8992 | D:7      | Offered knowledge of Lee's Rapid Deconstruction by Vehumet.
  9228 | D:7      | Found a staircase to the Ecumenical Temple.
  9350 | D:7      | Found Jenn's Antique Armour Shop.
  9371 | D:7      | Got a bloodstained buckler
  9377 | D:7      | Identified the +2 buckler of Kodeneg {rPois rN+ Int-4 SInv}
                  | (You found it on level 7 of the Dungeon)
  9754 | D:7      | Found a sparkling altar of Nemelex Xobeh.
  9754 | D:7      | Found a hide-covered altar of Uskayaw.
  9755 | D:7      | Found a basalt altar of Yredelemnul.
  9888 | D:8      | Reached skill level 5 in Spellcasting
 10376 | D:8      | Reached skill level 8 in Conjurations
 10857 | D:8      | Got a distressingly furry chain mail
 10858 | D:8      | Identified the cursed +1 chain mail of Dice, Bag, and
                  | Bottle {Str+2} (You found it on level 8 of the Dungeon)
 10935 | D:9      | Noticed Grum
 10942 | D:9      | Gained mutation: You may emit foul miasma when damaged in
                  | melee. [demonic ancestry]
 10942 | D:9      | Reached XP level 10. HP: 57/76 MP: 13/18
 10950 | D:9      | Killed Grum
 11469 | D:9      | Reached ***** piety under Vehumet
 11672 | D:9      | Found a staircase to the Orcish Mines.
 11883 | D:9      | Reached skill level 9 in Conjurations
 11940 | D:9      | Offered knowledge of Lightning Bolt by Vehumet.
 11969 | D:9      | Noticed Erica
 12008 | D:9      | Killed Erica
 12880 | D:10     | Entered Level 10 of the Dungeon
 12954 | D:10     | Noticed a gargoyle
 13019 | D:10     | Killed a gargoyle
 13019 | D:10     | Reached skill level 1 in Dodging
 13181 | D:10     | Reached XP level 11. HP: 79/84 MP: 12/20
 13543 | D:10     | Noticed a two-headed ogre
 13560 | D:10     | Killed a two-headed ogre
 13560 | D:10     | Reached skill level 10 in Conjurations
 13564 | D:10     | Noticed a two-headed ogre
 13692 | D:10     | Killed an unseen horror
 14093 | D:11     | Noticed a wizard
 14104 | D:11     | Killed a wizard
 14141 | D:11     | Noticed a large abomination
 14148 | D:11     | Reached skill level 10 in Fire Magic
 14149 | D:11     | Noticed a large abomination
 14154 | D:11     | Killed a large abomination
 14166 | D:11     | Killed a large abomination
 14262 | D:11     | Learned a level 5 spell: Lightning Bolt
 14281 | D:11     | Got a pitted platinum ring
 14322 | D:11     | Identified the ring "Feorgh" {rC+ Stlth+} (You found it on
                  | level 11 of the Dungeon)
 14398 | D:11     | Killed an unseen horror
 14403 | D:11     | Offered knowledge of Force Lance by Vehumet.
 14443 | D:11     | Reached skill level 11 in Conjurations
 14569 | D:11     | Found a staircase to the Lair.
 14677 | D:11     | Noticed a red ugly thing
 14683 | D:11     | Killed a red ugly thing
 14683 | D:11     | Gained mutation: You have hoof-like feet. [demonic
                  | ancestry]
 14683 | D:11     | Reached XP level 12. HP: 61/93 MP: 8/22
 14732 | D:11     | Noticed a two-headed ogre
 14735 | D:11     | Noticed a six-headed hydra
 14745 | D:11     | Killed a two-headed ogre
 14756 | D:11     | Killed a six-headed hydra
 15057 | D:11     | Learned a level 5 spell: Fireball
 15065 | D:11     | Learned a level 6 spell: Bolt of Fire
 15173 | D:11     | Identified the cursed +0 leather armour of Experimentation
                  | {rC+}
 15264 | D:11     | Identified the amulet of Puov {Acrobat +Fly MR+ MP-9}
 15271 | D:11     | Noticed a two-headed ogre
 15287 | D:11     | Killed a two-headed ogre
 15453 | D:11     | Noticed a death yak
 15453 | D:11     | Noticed a death yak
 15461 | D:11     | Noticed a minotaur
 15488 | D:11     | Noticed a death yak
 15488 | D:11     | Noticed a death yak
 15488 | D:11     | Noticed a minotaur
 15622 | D:11     | Killed a minotaur
 15681 | D:11     | Killed a death yak
 15730 | D:11     | Killed a death yak
 15730 | D:11     | Reached skill level 12 in Conjurations
 15730 | D:11     | Killed a death yak
 15731 | D:11     | Killed a death yak
 15731 | D:11     | Reached skill level 5 in Dodging
 16389 | D:11     | Gained mutation: You have hooves in place of feet. [demonic
                  | ancestry]
 16389 | D:11     | Reached XP level 13. HP: 90/101 MP: 20/25
 16603 | D:11     | Identified the Collected Works on the Aerial Escort
 16667 | D:11     | Hit by a silver javelin thrown by a minotaur

Levels and vault maps discovered:
D:1:      ncdulo_halloftheorcs, layout_basic, minmay_tall_x
D:2:      layout_rooms, lemuel_doored_altar
D:3:      layout_rooms, overflow_temple_1_default
D:4:      minmay_chambers_of_threes, layout_loops_cross, lemuel_crystal_altar
D:5:      lemuel_ratsnest, layout_cave_pods, serial_shops, kennysheep_mini_moat,
          first_ration, uniq_prince_ribbit1
D:6:      layout_gridville, chequers_temple_overflow_minitemple, serial_shops,
          shop, chequers_mini_garden, uniq_eustachio
D:7:      layout_basic, gammafunk_temple_overflow_claw,
          minmay_temple_entry_statues_fountains, serial_shops, shop,
          patterned_corridor, uniq_duvessa
D:8:      layout_basic, minmay_microvault
D:9:      layout_cave_pods, kennysheep_orc_monster_closet_entryway, uniq_grum,
          uniq_erica
D:10:     layout_cave_pools
D:11:     fort_yaktaur, layout_basic, minmay_lair_entry_grove,
          dk_noncrumbling_4, hangedman_pestilent_swarm, laboratory

Skill      XL: |  1  2  3  4  5  6  7  8  9 10 11 12 |
---------------+-------------------------------------+-----
Spellcasting   | 1 2 3 4 5 6 7 8 |  8.1
Conjurations   | 1 2 3 4 5 6 8 9 11 12 | 12.2
Fire Magic     | 3 4 5 6 8 9 10 11 | 11.5
Fighting       | 3 4 5 6 7 8 9 |  9.1
Dodging        | 1 3 5 |  5.1
Short Blades   | |  1.0
Shields        | |  1.0
Hexes          | |  2.0
Evocations     | |  1.0

Action                   |  1- 3 |  4- 6 |  7- 9 | 10-12 | 13-15 || total
-------------------------+-------+-------+-------+-------+-------++-------
Melee: Club              |    28 |       |       |       |       ||    28
       Short sword       |    53 |       |       |       |       ||    53
       Spear             |       |     1 |       |       |       ||     1
       Whip              |       |     8 |    10 |     3 |       ||    21
       Scimitar          |       |       |       |    19 |       ||    19
 Cast: Flame Tongue      |    46 |   127 |   312 |   416 |     1 ||   902
       Conjure Flame     |       |     3 |     8 |    16 |       ||    27
       Magic Dart        |       |     4 |    97 |    57 |       ||   158
       Mephitic Cloud    |       |       |     9 |    12 |     1 ||    22
       Lightning Bolt    |       |       |       |    18 |       ||    18
       Blink             |       |       |       |     1 |       ||     1
       Fireball          |       |       |       |    71 |     2 ||    73
Evoke: Wand              |       |       |       |     3 |       ||     3
  Use: Potion            |     3 |       |       |     1 |       ||     4
       Scroll            |       |    11 |     9 |     3 |       ||    23
  Eat: Chunk             |     4 |    11 |    21 |    21 |       ||    57
       Ration            |       |       |       |     6 |     1 ||     7
Armor: Robe              |    24 |     6 |    29 |     1 |       ||    60
       Troll leather arm |       |       |       |    41 |       ||    41
Dodge: Dodged            |    83 |    49 |    86 |   129 |     1 ||   348
       Rpst.: Scimitar   |       |       |       |    25 |       ||    25

Table legend:
 A = Non-vault XP
 B = Vault XP
 C = Vault XP percentage of total XP
 D = Non-vault monster count
 E = Vault monster count
 F = Vault count percentage of total count
                 A         B        C        D         E       F
            +---------+---------+-------+---------+---------+-------
      Total |   18540 |   19588 |  51.4 |     287 |     134 |  31.8
            +---------+---------+-------+---------+---------+-------
        D:1 |      71 |      11 |  13.4 |      28 |       4 |  12.5
        D:2 |     146 |       0 |   0.0 |      32 |       0 |   0.0
        D:3 |      84 |       0 |   0.0 |      25 |       0 |   0.0
        D:4 |     704 |     166 |  19.1 |      20 |       8 |  28.6
        D:5 |    1124 |     430 |  27.7 |      33 |      33 |  50.0
        D:6 |     616 |     197 |  24.2 |      11 |       1 |   8.3
        D:7 |     578 |     212 |  26.8 |      17 |       2 |  10.5
        D:8 |     951 |       0 |   0.0 |      26 |       0 |   0.0
        D:9 |    1824 |    2787 |  60.4 |      20 |      24 |  54.5
       D:10 |    4268 |       0 |   0.0 |      32 |       0 |   0.0
       D:11 |    8174 |   15785 |  65.9 |      43 |      62 |  59.0
            +---------+---------+-------+---------+---------+-------
